 Dungeon Crawl Stone Soup version 0.31-a0-459-gc8a9bf3d51 (webtiles) character file.

Game seed: 8645942480658028039

422 Ethylacetat the Insei (level 6, -5/33 HPs)
             Began as a Vine Stalker Monk on Aug 4, 2023.
             Slain by an ice beast (8 damage)
             ... on level 5 of the Dungeon.
             The game lasted 00:03:05 (3445 turns).

Ethylacetat the Insei (Vine Stalker Monk)           Turns: 3445, Time: 00:03:06

Health: -5/33      AC:  5    Str: 13    XL:     6   Next: 95%
Magic:  0/11       EV: 11    Int: 10    God:
Gold:   184        SH:  0    Dex: 19    Spells: 10/10 levels left

rFire   . .          .
                       - Unarmed
rCold   . . .        c - orb {light}
rNeg    . . .        e - +0 ring mail
rPois   .            (helmet currently unavailable)
rElec   .            (cloak currently unavailable)
rCorr   .            (gloves currently unavailable)
SInv    .            (boots currently unavailable)
Will    +....        (no amulet) Stlth
                     (no ring)
HPRegen 1.05/turn    (no ring)
MPRegen 0.12/turn

%: guardian spirit
@: confused, beast-form, ambrosia-drunk, enlightened, flying, glowing
A: beast (slay +2), fangs 2, regeneration 1, magic shield, antimagic bite, no
potion heal 2
a: Begin Untransformation


You were on level 5 of the Dungeon.
You were a hulking beast.
You visited 1 branch of the dungeon, and saw 5 of its levels.

You collected 184 gold pieces.

Inventory:

Armour
 c - an orb of light (worn)
 e - a +0 ring mail (worn)
Jewellery
 y - a ring of flight
Talismans
 d - a beast talisman (active)
Wands
 n - a wand of mindburst (5)
 v - a wand of flame (28)
Scrolls
 a - a scroll of fear {unknown}
 h - 3 scrolls of identify {unknown}
 i - a scroll of poison {unknown}
 k - a scroll of noise {unknown}
 l - a scroll of silence {unknown}
 p - 2 scrolls of teleportation {unknown}
 q - a scroll of blinking {unknown}
 s - a scroll of butterflies {unknown}
 w - a scroll of immolation {unknown}
 x - a scroll of revelation {unknown}
 z - a scroll of vulnerability {unknown}
Potions
 b - a potion of ambrosia
 f - 2 potions of curing {unknown}
 g - 2 potions of enlightenment
 j - a potion of attraction {unknown}
 m - 2 potions of might {unknown}
 o - 2 potions of brilliance {unknown}
 r - a potion of lignification {unknown}
 t - a potion of cancellation {unknown}
 u - a potion of invisibility {unknown}


   Skills:
 + Level 4.0 Fighting
 - Level 2.4 Dodging
 + Level 4.2 Unarmed Combat
 + Level 2.9 Spellcasting
 * Level 3.2 Shapeshifting


You had 10 spell levels left.
You didn't know any spells.
Your spell library contained the following spells:

 Spells                   Type           Power      Damage    Failure   Level
 Magic Dart               Conj           4%         1d3       54%         1
 Call Imp                 Summ           2%         N/A       67%         2
 Searing Ray              Conj           2%         2d4       67%         2
 Mephitic Cloud           Conj/Pois/Air  1%         N/A       88%         3
 Fulminant Prism          Conj/Hex       0%         3d5       99%         4


Dungeon Overview and Level Annotations

Branches:
Dungeon (5/15)
 Temple: D:4-7

Altars:
Sif Muna
Wu Jian
Yredelemnul
Zin

Shops:
D:3 *


Innate Abilities, Weirdness & Mutations

You are a hulking beast.
Your limbs bulge with bestial killing power. (Slay +2)
You have extremely sharp teeth.
Your natural rate of healing is unusually fast.
When hurt, damage is shared between your health and your magic reserves.
Your bite disrupts and absorbs the magic of your enemies.
Potions cannot restore your health.


Message History

No target in view!
HP restored.
Things that are here:
a +0 dagger; a +0 robe
Found a stone staircase leading down.
No target in view!
You open the door.
There is an open door here.
You now have 184 gold pieces (gained 10).
As you open the door, it creaks loudly!
Found a scroll labelled MIGHIYSM BIUSE.
No target in view!
There is an open door here.
z - a scroll labelled MIGHIYSM BIUSE No target in view!
An ice beast comes into view.
Found a club.
An ice beast is nearby!
The ice beast hits you. The ice beast freezes you!
You hit the ice beast but do no damage.
You bite the ice beast, but do no damage.
The ice beast misses you.
An ice beast is nearby!
You barely miss the ice beast. The ice beast hits you.
The ice beast freezes you!
You hit the ice beast but do no damage. Your bite misses the ice beast.
The ice beast hits you. The ice beast freezes you!
* * * LOW HITPOINT WARNING * * *
You are too injured to fight recklessly!
You are too injured to fight recklessly!
It was a potion of enlightenment.
You feel very buoyant.
You fly up into the air.
The ice beast hits you.
* * * LOW HITPOINT WARNING * * *
The ice beast freezes you!
* * * LOW HITPOINT WARNING * * *
You are confused.
Your system rejects the healing.
You feel invigorated. The ice beast hits you. The ice beast freezes you!
You die...

######
##########....#
#...........#.#
#.###.....###.####
#.#.'.....+..h...#
####.#.#.....####Y..#
...#.#.#######
....... ...#.#.#
......) ...#.#.#
....... ...#.#.#
....... ...#'#.#
....... .......#
....... .............


You could see an ice beast.

Vanquished Creatures
  A sky beast (D:4)
  A black bear (D:4)
  A howler monkey (D:4)
  2 orc wizards
  5 adders
  A worm (D:5)
  6 dart slugs
  5 orcs
  8 endoplasms
  4 giant cockroaches
  6 goblins
  5 hobgoblins
  8 jackals
  2 quokkas (D:1)
  9 ball pythons
  8 bats
  3 frilled lizards
  9 kobolds
  6 rats
90 creatures vanquished.

Notes
Turn   | Place    | Note
-------+----------+-------------------------------------------
     0 | D:1      | Ethylacetat the Vine Stalker Monk began the quest for the
                  | Orb.
     0 | D:1      | Reached XP level 1. HP: 11/11 MP: 2/2
   101 | D:1      | Reached XP level 2. HP: 10/16 MP: 1/4
   248 | D:1      | Reached skill level 1 in Spellcasting
   631 | D:1      | You fall into a shaft and drop 1 floor!
   672 | D:1      | Reached XP level 3. HP: 15/20 MP: 3/5
   738 | D:1      | Reached skill level 1 in Shapeshifting
  1304 | D:2      | Gained mutation: Your natural rate of healing is unusually
                  | fast. [Vine Stalker growth]
  1304 | D:2      | Reached XP level 4. HP: 24/24 MP: 7/7
  1700 | D:3      | Found a shimmering blue altar of Sif Muna.
  1802 | D:3      | Found an ornate altar of the Wu Jian Council.
  2027 | D:3      | Found Zin's Purification Station.
  2037 | D:3      | Found a glowing silver altar of Zin.
  2050 | D:3      | Found a basalt altar of Yredelemnul.
  2212 | D:3      | Reached XP level 5. HP: 28/28 MP: 7/9
  2530 | D:4      | Noticed a sky beast
  2545 | D:4      | Killed a sky beast
  2546 | D:4      | Reached XP level 6. HP: 32/33 MP: 10/10
  2577 | D:4      | Noticed a black bear
  2586 | D:4      | Killed a black bear
  3365 | D:5      | Entered Level 5 of the Dungeon
  3437 | D:5      | Noticed an ice beast
  3445 | D:5      | Slain by an ice beast

Illustrated notes

Levels and vault maps discovered:
D:1:      lemuel_arrival_broad_hall, layout_loops_corners,
          chequers_serial_rivers_large_b, hangedman_feature_mirror
D:2:      layout_basic, kennysheep_generic_room_14
D:3:      layout_loops_corners, yredelemnul_altar_generic, old_standard_altar,
          lemuel_crystal_altar, zin_purify
D:4:      layout_basic, serial_glass, glass_columns_a, glass_columns_a
D:5:      layout_basic, nicolae_overflow_hidden_temple, grunt_decor_clamped

Skill      XL: |  1  2  3  4  5  6 |
---------------+-------------------+-----
Spellcasting   | 1 2 |  2.9
Fighting       | 3 4 |  4.0
Shapeshifting  | 1 2 3 |  3.2
Unarmed Combat | 4 |  4.2
Dodging        | |  2.4

Action                     |  1- 3 |  4- 6 || total
---------------------------+-------+-------++-------
  Melee: Unarmed           |   101 |   122 ||   223
         Bite              |    21 |    42 ||    63
    Use: Potion            |       |     2 ||     2
 Armour: Robe              |     4 |       ||     4
         Ring mail         |    32 |    37 ||    69
  Dodge: Dodged            |    58 |    68 ||   126
   Form: Beast             |     1 |       ||     1

Table legend: (Time is in decaauts)
 A = Elapsed time spent in this place.
 B = Non-inter-level travel time spent in this place.
 C = Inter-level travel time spent in this place.
 D = Time resting spent in this place.
 E = Time spent auto-exploring this place.
 F = Levels seen in this place.
 G = Mean time per level.
                   A        B        C        D        E       F      G
               +--------+--------+--------+--------+--------+-----+--------+
         Total |   3478 |   3381 |     97 |      0 |   2880 |   5 |  695.6 |
       Dungeon |   3478 |   3381 |     97 |      0 |   2880 |   5 |  695.6 |
               +--------+--------+--------+--------+--------+-----+--------+

Top non-repeatable levels by time:
     D:1: 1175 daAuts
     D:3: 872 daAuts
     D:4: 855 daAuts
     D:2: 496 daAuts
     D:5: 78 daAuts
